 Dungeon Crawl Stone Soup version 0.30-a0-626-gd6a5dd7a1f (webtiles) character file.

Game seed: 16174180965551394337

65 Newt the Shooter (level 4, -2/26 HPs)
             Began as a Kobold Hunter on Jan 11, 2023.
             Killed from afar by Ijyb (12 damage)
             ... with a bolt of acid
             ... on level 3 of the Dungeon.
             The game lasted 00:01:25 (1406 turns).

Newt the Shooter (Kobold Hunter)                    Turns: 1406, Time: 00:01:26

Health: -2/26      AC:  3    Str:  8    XL:     4   Next: 34%
Magic:  4/4        EV: 14    Int: 10    God:
Gold:   120        SH:  0    Dex: 20    Spells: 3/3 levels left

rFire   . . .      SeeInvis .    a - +0 shortbow
rCold   . . .      Faith    .    (shield currently unavailable)
rNeg    . . .      Spirit   .    c - +0 leather armour
rPois   .          Reflect  .    (no helmet)
rElec   .          Harm     .    (no cloak)
rCorr   .          Rampage  .    (no gloves)
Will    .....                    (no boots)
Stlth   +++                      h - amulet of magic regeneration
HPRegen 0.24/turn                k - +4 ring of protection
MPRegen 0.49/turn                (no ring)

@: corroded
A: small, no large weapons, nightstalker 3
a: no special abilities


You were on level 3 of the Dungeon.
You visited 1 branch of the dungeon, and saw 3 of its levels.

You collected 120 gold pieces.

Inventory:

Hand Weapons
 a - a +0 shortbow (weapon)
Armour
 c - a +0 leather armour (worn)
Jewellery
 h - an amulet of magic regeneration (around neck)
 i - a ring of protection from fire
 k - a +4 ring of protection (left hand)
Scrolls
 b - a scroll of immolation
 f - a scroll of teleportation {unknown}
Potions
 d - a potion of haste {unknown}
 e - a potion of heal wounds {unknown}
 g - 2 potions of curing {unknown}
 j - a potion of ambrosia {unknown}
 l - 2 potions of magic {unknown}
 m - a potion of mutation {unknown}


   Skills:
 - Level 2.1 Fighting
 + Level 6.9 Ranged Weapons
 - Level 2.4 Dodging
 - Level 3.0 Stealth


You had 3 spell levels left.
You didn't know any spells.
Your spell library was empty.

Dungeon Overview and Level Annotations

Branches:
Dungeon (3/15)

Altars:
Hepliaklqana

Annotations:
D:3 Ijyb


Innate Abilities, Weirdness & Mutations

You are small and have problems with some larger weapons.
You are completely attuned to the shadows.


Message History

Ijyb hits you but does no damage.
Ijyb zaps a wand.
The bolt of acid misses you.
A rat comes into view.
You shoot an arrow. The arrow hits Ijyb but does no damage.
Ijyb is heavily wounded.
Ijyb hits you with a +0 club.
You shoot an arrow. The arrow hits Ijyb but does no damage.
Ijyb is heavily wounded.
Ijyb barely misses you.
You shoot an arrow. The arrow closely misses Ijyb.
The arrow hits the rat!
You kill the rat!
Ijyb misses you.
You shoot an arrow. The arrow closely misses Ijyb.
Ijyb barely misses you. Ijyb closely misses you.
You shoot an arrow. The arrow closely misses Ijyb.
Ijyb zaps a wand.
The bolt of acid hits you! The acid corrodes you!
You shoot an arrow. The arrow hits Ijyb.
Ijyb is almost dead.
Ijyb hits you with a +0 club.
You shoot an arrow. The arrow barely misses Ijyb.
Ijyb hits you with a +0 club.
You are too injured to fight recklessly!
You are too injured to fight recklessly!
You are too injured to fight recklessly!
You are too injured to fight recklessly!
You are too injured to fight recklessly!
You are too injured to fight recklessly!
You are too injured to fight recklessly!
You are too injured to fight recklessly!
Fire: a) +0 shortbow
Press: ? - help, Q - select action Shift-Dir - straight line, f/p - Ijyb
Aim: Ijyb, wielding a +0 club, wearing a +1 scale mail of willpower and carrying a wand of acid (1) (almost dead, 63% to hit)
You shoot an arrow. The arrow hits Ijyb but does no damage.
Ijyb is almost dead.
Ijyb completely misses you.
Fire: a) +0 shortbow
Press: ? - help, Q - select action Shift-Dir - straight line, f/p - Ijyb
Aim: Ijyb, wielding a +0 club, wearing a +1 scale mail of willpower and carrying a wand of acid (1) (almost dead, 63% to hit)
You shoot an arrow. The arrow closely misses Ijyb.
Ijyb zaps a wand.
The bolt of acid hits you!
You die...

.........
.........#
#.#.....#.#
#.#....)#.#
..........##
#..#..##....#
#. #..##....#
...#..##.#..#
..†g@...<#..#
####..##.#....
...#.....#.#.>
...#..####
_..#.)#


You could see Ijyb.

Vanquished Creatures
  An adder (D:2)
  A dart slug (D:2)
  An orc (D:2)
  3 ball pythons
  5 endoplasms
  2 giant cockroaches (D:1)
  5 goblins
  8 hobgoblins
  3 kobolds
  3 quokkas
  4 bats
  5 frilled lizards
  6 rats
47 creatures vanquished.

Notes
Turn   | Place    | Note
-------+----------+-------------------------------------------
     0 | D:1      | Newt the Kobold Hunter began the quest for the Orb.
     0 | D:1      | Reached XP level 1. HP: 12/12 MP: 1/1
    84 | D:1      | Reached XP level 2. HP: 17/17 MP: 2/2
   371 | D:1      | Reached XP level 3. HP: 19/21 MP: 3/3
   391 | D:1      | Reached skill level 6 in Ranged Weapons
  1033 | D:2      | Reached XP level 4. HP: 18/26 MP: 4/4
  1392 | D:3      | Found a hazy altar of Hepliaklqana.
  1392 | D:3      | Noticed Ijyb
  1406 | D:3      | Killed from afar by Ijyb

Illustrated notes

Levels and vault maps discovered:
D:1:      dreamdust_arrival_beginning_and_end, layout_basic, st_stairs_11,
          nicolae_figureground_sparkle
D:2:      layout_rooms
D:3:      layout_basic, amcnicky_altar_gilded, shapermc_ecumenical_altar_petra,
          corexii_hall_statues_s, minmay_joined_circles, uniq_ijyb

Skill      XL: |  1  2  3 |
---------------+----------+-----
Stealth        | 2 3 |  3.0
Ranged Weapons | 6 |  6.9
Fighting       | |  2.1
Dodging        | |  2.4

Action                   |  1- 3 |  4- 6 || total
-------------------------+-------+-------++-------
 Fire: Shortbow          |   115 |    38 ||   153
  Use: Scroll            |     4 |       ||     4
Armor: Leather armour    |    14 |     8 ||    22
Dodge: Dodged            |    47 |    17 ||    64

Table legend: (Time is in decaauts)
 A = Elapsed time spent in this place.
 B = Non-inter-level travel time spent in this place.
 C = Inter-level travel time spent in this place.
 D = Time resting spent in this place.
 E = Time spent auto-exploring this place.
 F = Levels seen in this place.
 G = Mean time per level.
                   A        B        C        D        E       F      G
               +--------+--------+--------+--------+--------+-----+--------+
         Total |   1444 |   1380 |     64 |     49 |   1069 |   3 |  481.3 |
       Dungeon |   1444 |   1380 |     64 |     49 |   1069 |   3 |  481.3 |
               +--------+--------+--------+--------+--------+-----+--------+

Top non-repeatable levels by time:
     D:1: 751 daAuts
     D:2: 664 daAuts
     D:3: 28 daAuts
